 Dungeon Crawl Stone Soup version 0.18-a0-1292-ge8ad84c (webtiles) character file.

58 FrancescoMac the Shield-Bearer (level 3, 0/28 HPs)
             Began as a Vampire Fighter on Feb 9, 2016.
             Slain by a hobgoblin
             ... wielding a cursed +0 club
              (2 damage)
             ... on level 3 of the Dungeon.
             The game lasted 00:04:58 (1667 turns).

FrancescoMac the Shield-Bearer (Vampire Fighter)    Turns: 1667, Time: 00:04:58

Health: 0/28       AC:  6    Str: 16    XL:     3   Next: 75%
Magic:  3/3        EV:  6    Int: 10    God:
Gold:   75         SH:  9    Dex: 13    Spells: 0 memorised, 2 levels left

rFire  . . .     SeeInvis +     a - +0 war axe
rCold  + . .     Gourm    .     b - +0 scale mail
rNeg   + + .     Faith    .     c - +0 shield
rPois  +         Spirit   .     (no helmet)
rElec  .         Dismiss  .     (no cloak)
rCorr  .         Reflect  .     (no gloves)
SustAt .         Harm     .     (no boots)
MR     .....                    (no amulet)
Stlth  +.........               (no ring)
                                (no ring)

@: regenerating slowly, not resistant to hostile enchantments, very unstealthy
A: fangs 3, see invisible, unbreathing
a: Bat Form


You were on level 3 of the Dungeon.
You were very thirsty.

You visited 1 branch of the dungeon, and saw 3 of its levels.

You collected 75 gold pieces.

Inventory:

Hand Weapons
 a - a +0 war axe (weapon)
Armour
 b - a +0 scale mail (worn)
 c - a +0 shield (worn)
 s - a +2 leather armour of magic resistance
Jewellery
 g - an uncursed ring of wizardry {unknown}
 j - an uncursed amulet of regeneration {unknown}
 o - an uncursed amulet of guardian spirit {unknown}
 r - an uncursed ring of protection from fire {unknown}
Scrolls
 h - 2 scrolls of identify {unknown}
 k - a scroll of teleportation {unknown}
 l - a scroll of noise {unknown}
 m - 2 scrolls of enchant weapon {unknown}
 q - a scroll of remove curse {unknown}
Potions
 d - 2 potions of might
 e - 10 potions of blood
 f - a potion of berserk rage {unknown}
 i - a potion of mutation {unknown}
 n - a potion of lignification {unknown}
 p - a potion of curing {unknown}


   Skills:
 + Level 2.9 Fighting
 + Level 2.4 Axes
 + Level 2.8 Armour
 + Level 2.4 Stealth
 + Level 3.0 Shields


You had 2 spell levels left.
You didn't know any spells.

Dungeon Overview and Level Annotations

Branches:
Dungeon (3/15)

Altars:


Innate Abilities, Weirdness & Mutations

You heal slowly.
You have razor-sharp teeth.
You have supernaturally acute eyesight.
You can survive without breathing.


Message History

The orc is severely wounded.
You slash the adder!
You kill the adder!
Your Shields skill increases to level 3!
The orc hits you but does no damage.
You slash the orc!
You kill the orc!
Things that are here:
a falchion of holy wrath; a runed leather armour
s - a runed leather armour You see here a falchion of holy wrath.
Found a ring mail.
A hobgoblin comes into view. It is wielding a club.
The hobgoblin shouts!
Found a scroll labeled MOTTEI QARGHIN.
You are too injured to fight recklessly!
You see here a ring mail.
You barely miss the hobgoblin. You block the hobgoblin's attack.
You hit the hobgoblin but do no damage. The hobgoblin hits you with a club.
You die...

#.......# ..
#..)....####.##.#
#...............##
#<........##.....
#.........###...#
####............#
#####..#.#..#
#..#.#..######
#....[@.......
####.#g.......
.......##.##
#.##.#..?# ..
..#..... ##
####....#. #.....
. .......


You could see a hobgoblin.

Vanquished Creatures
  2 adders
  2 giant geckos
  An orc (D:3)
  A ball python (D:2)
  3 giant cockroaches
  6 goblins
  3 hobgoblins
  6 kobolds
  A quokka (D:2)
  4 bats
  5 rats
34 creatures vanquished.

Notes
Turn   | Place    | Note
--------------------------------------------------------------
     0 | D:1      | FrancescoMac the Vampire Fighter began the quest for the Orb.
     0 | D:1      | Reached XP level 1. HP: 17/17 MP: 1/1
   173 | D:1      | Reached XP level 2. HP: 20/23 MP: 2/2
   202 | D:1      | Reached skill level 1 in Stealth
  1078 | D:2      | Reached XP level 3. HP: 12/28 MP: 3/3
  1644 | D:3      | HP: 1/28 [adder (2)]
  1645 | D:3      | Reached skill level 3 in Shields
  1667 | D:3      | Slain by a hobgoblin

Vault maps used:
D:1:      saegor_arrival_simple_b
D:2:      minmay_misc_feat_x
D:3:      lemuel_zombie_altar_yredelemnul, first_bread, minivault_25,
          minmay_misc_feat_four_crosses, uniq_iyjb, uniq_jessica

Action                   || total
-------------------------++-------
Melee: War axe           ||   115
  Eat: Corpse            ||     1
